Construct Section Command Post
Selects Indian Artillery Battlegroup
Selects Indian Artillery Battlegroup
Construct Platoon Command Post
Selects Gurkha Rifles Section
6-pounder Anti-tank Gun Team
Construct Field Infirmary
Selects Volunteer Infantry
Selects Artillery Saturation
6-pounder Anti-tank Gun Team
Construct Company Command Post
6-pounder Anti-tank Gun Team
Selects Off-map Airburst Barrage
6-pounder Anti-tank Gun Team